AoeStats
← IGI.The_Jenk

Arena

508176819Analyzed
2v2 RM · 10d ago on Sep 21, 2026· 33m 39s· 4 players
Game mode
Random Map
Map size
Medium (4 player)
Population
200
Speed
Normal
Resources
Standard
Victory
Conquest
Starting age
Dark Age
Ending age
Imperial Age
RankedLock teamsTeams togetherTeam positionsShared explorationLock speedFull tech treeHidden civsTurbo modeCheats
Victory
Defeat
🇬🇧 Burgundians · United Kingdom
1015
+17
🇬🇧 Turks · United Kingdom
1005
+17
🇦🇺 Malay · Australia
1047
-17
🇦🇺 Vikings · Australia
1027
-17
myne
6:33 Loom
13:10 Feudal Age
11:31 Loom
17:47 Castle Age
17:08 Double-Bit Axe
17:11 Horse Collar
19:55 Wheelbarrow
21:29 Bow Saw
21:56 Stone Mining
23:09 Pikeman
24:26 Heavy Plow
24:11 Elite Skirmisher
26:37 Fletching
26:58 Forging
Great
10:17 Loom
12:06 Feudal Age
16:18 Castle Age
14:16 Double-Bit Axe
15:21 Horse Collar
20:36 Bow Saw
21:10 Heavy Plow
29:58 Imperial Age
28:36 Crossbowman
29:16 Fletching
29:50 Ballistics
29:47 Gold Mining
29:49 Stone Mining
29:34 Pikeman
30:12 Bodkin Arrow
30:04 Arbalester
31:58 Two-Man Saw
31:30 Bracer
31:33 Scale Mail Armor
32:25 Padded Archer Armor
33:37 Chemistry
33:36 Leather Archer Armor
33:38 Chain Mail Armor
IGI.The_Doctor_Bish
11:34 Loom
13:20 Feudal Age
17:23 Castle Age
15:21 Double-Bit Axe
15:28 Gold Mining
16:35 Horse Collar
23:44 Imperial Age
22:25 Bow Saw
23:26 Gold Shaft Mining
23:02 Heavy Plow
27:42 Two-Man Saw
28:43 Wheelbarrow
31:07 Hand Cart
33:02 Ballistics
IGI.The_Jenk
3:27 Double-Bit Axe
3:45 Loom
11:34 Feudal Age
15:45 Castle Age
14:50 Bow Saw
14:23 Horse Collar
15:50 Light Cavalry
17:33 Two-Man Saw
23:19 Wheelbarrow
23:27 Heavy Plow
23:21 Gold Mining
25:23 Stone Mining
25:19 Cavalier
26:07 Scale Barding Armor
29:23 Husbandry
29:46 Chain Barding Armor
30:20 Hand Cart
30:57 Forging
34:55 Imperial Age
32:14 Town Watch
32:15 Loom
33:25 Iron Casting
33:56 Crop Rotation
Connection lost

Rejoining the realm…

Still unreachable

The connection could not be restored.

Session expired

The server has moved on; the page needs a fresh start.